 Dungeon Crawl Stone Soup version 0.32-a0-163-g159c032296 (webtiles) character file.

Game seed: 9041253169802752798

377 zeratav the Sneak (level 6, -2/44 (45) HPs)
             Began as an Octopode Shapeshifter on Feb 11, 2024.
             Slain by a wight
             ... wielding a +3 mace
              (5 damage)
             ... on level 4 of the Dungeon.
             The game lasted 00:04:32 (3443 turns).

zeratav the Sneak (Octopode Shapeshifter)           Turns: 3443, Time: 00:04:33

HP:   -2/44 (45)    AC:  1    Str: 16    XL:     6   Next: 73%
MP:   6/6           EV: 12    Int: 12    God:
Gold: 169           SH:  3    Dex: 11    Spells: 5/5 levels left

rFire   + .          .
                       - Unarmed
rCold   . . .        j - +0 buckler
rNeg    + . .        (helmet currently unavailable)
rPois   .            (no amulet)
rElec   .            i - ring of wizardry
rCorr   .            n - ring of positive energy
SInv    .            u - ring of protection from fire
Will    .....        (no ring)
Stlth   ++++         (no ring)
HPRegen 0.27/turn    (no ring)
MPRegen 0.10/turn    (no ring)
                     (no ring)

%: wizardry (x1)
@: beast-form, lightly drained
A: beast (slay +2), almost no armour, amphibious, 8 rings, camouflage 1,
gelatinous body 1, (nimble swimmer 1), tentacles
a: Begin Untransformation


You were on level 4 of the Dungeon.
You were a hulking beast.
You visited 1 branch of the dungeon, and saw 4 of its levels.

You collected 169 gold pieces.


Innate Abilities, Weirdness & Mutations

You are a hulking beast.
Your limbs bulge with bestial killing power. (Slay +2)
You cannot wear most types of armour.
You are amphibious.
You can wear up to eight rings at the same time.
Your skin changes colour to match your surroundings (Stealth+).
Your rubbery body absorbs attacks. (AC +1, EV +1)
((You are camouflaged when in or above water. (Stealth+)))
You have tentacles for arms and can constrict up to eight enemies at once.


   Skills:
 - Level 5.0 Fighting
 - Level 2.0 Dodging
 - Level 5.0 Stealth
 - Level 3.0 Unarmed Combat
 + Level 3.7 Shapeshifting


You had 5 spell levels left.
You didn't know any spells.
Your spell library was empty.

Inventory:

Missiles
 f - 3 poisoned darts (quivered) {throwing}
Armour
 j - a +0 buckler (worn)
   (You found it on level 1 of the Dungeon)
Jewellery
 i - a ring of wizardry (left tentacle)
   (You found it on level 1 of the Dungeon)
 n - a ring of positive energy (right tentacle)
   (You found it on level 2 of the Dungeon)
 u - a ring of protection from fire (on tentacle)
   (You found it on level 4 of the Dungeon)
Talismans
 b - a beast talisman
 c - a flux talisman
Scrolls
 d - a scroll of vulnerability {unknown}
 e - a scroll of enchant armour {unknown}
 h - a scroll of blinking {unknown}
 k - 2 scrolls of fog {unknown}
 m - 2 scrolls of enchant weapon {unknown}
 p - 3 scrolls of identify {unknown}
 t - 3 scrolls of teleportation {unknown}
Potions
 a - a potion of heal wounds {unknown}
 g - 3 potions of curing {unknown}
 l - 2 potions of attraction {unknown}
 q - a potion of berserk rage {unknown}
 r - 2 potions of haste {unknown}
 s - a potion of resistance {unknown}

Dungeon Overview and Level Annotations

Branches:
Dungeon (4/15) Zot: 20566
 Temple: D:4-7

Altars:
Fedhas
Hepliaklqana
Kikubaaqudgha
Qazlal
The Shining One

## ### #. ..#
####.#####.#
#...z...##.#
#.##.##z##.#
#.##h##.#
#......)###########
####..............#
.....############.#
#.###.####### #.#
#.......# ####.###
#.......# #......#
.##.......#
#.##.#.#
..........#
#....#.#


You could see a wight.


Message History

No target in view!
No target in view!
No target in view!
No target in view!
No target in view!
You see here a +0 rapier of protection {short}.
HP[+2]
Your hp is fully restored (38). 4 wights come into view.
A wight is wielding a +1 antimagic hand axe.
The wight moves out of view.
There are monsters nearby!
You closely miss the wight. You grab the wight. You squeeze the wight!
You constrict the wight, but do no damage.
The wight misses you.
You tentacle-slap the wight. Your squeeze misses the wight.
You constrict the wight, but do no damage.
The wight hits you with a +0 hand axe.
HP[-5]
You take 5 damage, and now have 33/38 hp.
You tentacle-slap the wight.
You destroy the wight!
You have reached level 6!
HP[+6] MP[+1]
You now have 45 max hp (+7).
You regained 6 hp, and now have 39/45 hp.
Your mp is fully restored (6).
HP[+1]
You see here a +0 rapier of protection {short}.
You start resting.
HP[+5]
Your hp is fully restored (45).
Things that are here:
a +0 hand axe {axe}; a +0 robe
Things that are here:
a +0 hand axe {axe}; a +0 robe You tentacle-slap the wight but do no damage.
You grab the wight. You squeeze the wight.
You constrict the wight, but do no damage.
The wight hits you with a +2 hand axe.
HP[-1]
You take 1 damage, and now have 44/45 hp.
You tentacle-slap the wight but do no damage.
You constrict the wight. The wight closely misses you.
You barely miss the wight. You constrict the wight.
The wight barely misses you.
HP[+1]
Your hp is fully restored (45).
You tentacle-slap the wight but do no damage.
You constrict the wight. The wight hits you with a +2 hand axe!
HP[-8]
You take 8 damage, and now have 37/45 hp.
You tentacle-slap the wight. Your squeeze misses the wight.
You constrict the wight. The wight hits you with a +2 hand axe!
You partially resist.
You feel drained.
HP[-9]
You now have 44 max hp (-1).
You take 9 damage, and now have 28/44 hp.
MASSIVE DAMAGE!! (PAUSE)
You tentacle-slap the wight but do no damage.
You squeeze the wight.
You destroy the wight!
Your life force feels restored.
Training target 5.0 for Fighting reached!
Your Fighting skill increases to level 5!
You need to enable at least one skill for training.
You now have 45 max hp (+1).
You completely miss the wight. You grab the wight. You squeeze the wight!
You constrict the wight. The wight misses you.
HP[+1]
You tentacle-slap the wight. You squeeze the wight.
You destroy the wight!
You barely miss the wight. Your grab misses the wight.
You squeeze the wight, but do no damage.
The wight hits you with a +3 mace!
* * * LOW HITPOINT WARNING * * *
HP[-8]
You take 8 damage, and now have 21/45 hp.
You closely miss the wight. Your grab misses the wight.
Your squeeze misses the wight. The wight hits you with a +3 mace!
* * * LOW HITPOINT WARNING * * *
You partially resist.
You feel drained.
* * * LOW HITPOINT WARNING * * *
HP[-13]
You now have 44 max hp (-1).
You take 13 damage, and now have 8/44 hp.
MASSIVE DAMAGE!! (PAUSE)
You tentacle-slap the wight but do no damage.
You grab the wight.
You constrict the wight, but do no damage.
The wight hits you with a +3 mace.
* * * LOW HITPOINT WARNING * * *
HP[-5]
You take 5 damage, and now have 3/44 hp.
Press: ? - help, . - travel You can't see that place.
Unknown command.
You tentacle-slap the wight but do no damage.
You constrict the wight. The wight hits you with a +3 mace.
You die...

Skill      XL: |  1  2  3  4  5  6 |
---------------+-------------------+-----
Stealth        | 2 3 5 |  5.0
Fighting       | 2 4 5 |  5.0
Dodging        | |  2.0
Unarmed Combat | |  3.0
Shapeshifting  | |  3.7

Action                     |  1- 3 |  4- 6 || total
---------------------------+-------+-------++-------
  Melee: Unarmed           |    73 |   125 ||   198
         Constrict         |    19 |    40 ||    59
         Tentacles         |    13 |    32 ||    45
         Punch             |     6 |       ||     6
  Throw: Dart              |       |     1 ||     1
    Use: Potion            |       |     1 ||     1
   Stab: Sleeping          |    18 |    14 ||    32
 Armour: Skin              |    28 |    53 ||    81
  Dodge: Dodged            |    46 |    49 ||    95
  Block: Buckler           |       |     3 ||     3

Levels and vault maps discovered:
D:1:      matt_arrival_refuge, layout_loops_corners, serial_park_tiny_1,
          minmay_bisected
D:2:      layout_loops_ring, basic_ecumenical_altar
D:3:      layout_loops_ring, grunt_temple_overflow_growth_and_decay,
          nicolae_qazlal_eye_of_the_storm, grunt_ministairs_15,
          grunt_decor_junction
D:4:      layout_loops_cross, mainiacjoe_overflow_alcove_2,
          nicolae_hepliaklqana_hazy_memory, grunt_ministairs_1,
          minmay_misc_feat_rugged

Notes
Turn   | Place    | Note
-------+----------+-------------------------------------------
     0 | D:1      | zeratav the Octopode Shapeshifter began the quest for the
                  | Orb.
     0 | D:1      | Reached XP level 1. HP: 13/13 MP: 1/1
     0 | D:1      | magus.rc [v1.9.6]
    85 | D:1      | Reached skill level 1 in Stealth
   150 | D:1      | Reached skill level 2 in Stealth
   154 | D:1      | Reached XP level 2. HP: 8/18 MP: 2/2
   277 | D:1      | Reached skill level 3 in Stealth
   514 | D:1      | Reached XP level 3. HP: 23/23 MP: 3/3
   564 | D:1      | Reached skill level 4 in Stealth
  1159 | D:2      | Reached skill level 5 in Stealth
  1165 | D:2      | Reached XP level 4. HP: 18/28 MP: 4/4
  1406 | D:2      | Found a faded altar of an unknown god.
  1865 | D:3      | Reached skill level 2 in Fighting
  2057 | D:3      | Reached XP level 5. HP: 26/36 MP: 5/5
  2062 | D:3      | Reached skill level 3 in Fighting
  2074 | D:3      | HP: 7/36 [orc/+0 whip (3)]
  2079 | D:3      | HP: 9/54 [orc/+0 whip (3)]
  2085 | D:3      | HP: 9/54 [frilled lizard (1)]
  2268 | D:3      | Found a blossoming altar of Fedhas.
  2269 | D:3      | Found an ancient bone altar of Kikubaaqudgha.
  2301 | D:3      | Found a stormy altar of Qazlal.
  2896 | D:4      | Found a hazy altar of Hepliaklqana.
  2950 | D:4      | Found a glowing golden altar of the Shining One.
  2961 | D:4      | Reached skill level 4 in Fighting
  3401 | D:4      | Reached XP level 6. HP: 39/45 MP: 6/6
  3438 | D:4      | Reached skill level 5 in Fighting
  3441 | D:4      | HP: 9/45 [wight/+3 mace (12)]
  3442 | D:4      | HP: 3/44 [wight/+3 mace (6)]
  3443 | D:4      | Slain by a wight

Vanquished Creatures
  3 wights (D:4)
  An orc priest (D:3)
  An orc wizard (D:3)
  4 adders
  4 dart slugs
  2 ribbon worms
  18 orcs
  5 bats
  6 endoplasms
  A giant cockroach (D:3)
  8 goblins
  10 hobgoblins
  6 jackals
  8 kobolds
  A quokka (D:1)
  6 ball pythons
  8 frilled lizards
  4 rats
96 creatures vanquished.

Table legend:
 A = Non-vault XP
 B = Vault XP
 C = Vault XP percentage of total XP
 D = Non-vault monster count
 E = Vault monster count
 F = Vault count percentage of total count
                 A         B        C        D         E       F
            +---------+---------+-------+---------+---------+-------
      Total |     523 |      16 |   3.0 |      88 |       8 |   8.3
            +---------+---------+-------+---------+---------+-------
        D:1 |      46 |       7 |  13.2 |      26 |       4 |  13.3
        D:2 |      43 |       0 |   0.0 |      20 |       0 |   0.0
        D:3 |     148 |       4 |   2.6 |      21 |       2 |   8.7
        D:4 |     286 |       5 |   1.7 |      21 |       2 |   8.7
            +---------+---------+-------+---------+---------+-------

Skill      XL: |  1  2  3  4  5  6 |
---------------+-------------------+-----
Stealth        | 2 3 5 |  5.0
Fighting       | 2 4 5 |  5.0
Dodging        | |  2.0
Unarmed Combat | |  3.0
Shapeshifting  | |  3.7

Action                     |  1- 3 |  4- 6 || total
---------------------------+-------+-------++-------
  Melee: Unarmed           |    73 |   125 ||   198
         Constrict         |    19 |    40 ||    59
         Tentacles         |    13 |    32 ||    45
         Punch             |     6 |       ||     6
  Throw: Dart              |       |     1 ||     1
    Use: Potion            |       |     1 ||     1
   Stab: Sleeping          |    18 |    14 ||    32
 Armour: Skin              |    28 |    53 ||    81
  Dodge: Dodged            |    46 |    49 ||    95
  Block: Buckler           |       |     3 ||     3

Illustrated notes

Table legend:
 A = Kills in this place as a percentage of kills in the entire game.
 B = Kills by you in this place as a percentage of kills by you in the entire game.
 C = Kills by friends in this place as a percentage of kills by friends in the entire game.
 D = Other kills in this place as a percentage of other kills in the entire game.
 E = Experience gained in this place as a percentage of experience gained in the entire game.
 F = Experience gained in this place divided by the number of levels of this place that you have seen.
                   A       B       C       D       E      F
               +-------+-------+-------+-------+-------+----------------------
         Total | 100.0 | 100.0 |   N/A |   N/A | 100.0 | 134.8
       Dungeon | 100.0 | 100.0 |   N/A |   N/A | 100.0 | 134.8
               +-------+-------+-------+-------+-------+----------------------

Table legend: (Time is in decaauts)
 A = Elapsed time spent in this place.
 B = Non-inter-level travel time spent in this place.
 C = Inter-level travel time spent in this place.
 D = Time resting spent in this place.
 E = Time spent auto-exploring this place.
 F = Levels seen in this place.
 G = Mean time per level.
                   A        B        C        D        E       F      G
               +--------+--------+--------+--------+--------+-----+--------+
         Total |   3432 |   3307 |    125 |    193 |   2498 |   4 |  858.0 |
       Dungeon |   3432 |   3307 |    125 |    193 |   2498 |   4 |  858.0 |
               +--------+--------+--------+--------+--------+-----+--------+

Top non-repeatable levels by time:
     D:1: 1031 daAuts
     D:3: 986 daAuts
     D:2: 735 daAuts
     D:4: 678 daAuts
